 Dungeon Crawl Stone Soup version 0.26.0-20-g3ca415f5b8 (webtiles) character file.

Game seed: 2643514890005998514

540935 zcampers the Slayer (level 24, -3/242 HPs)
             Began as a Minotaur Berserker on Jan 24, 2021.
             Was a High Priest of Trog.
             Killed from afar by a red draconian scorcher (29 damage)
             ... with damnation
             ... on level 1 of the Realm of Zot.
             The game lasted 02:12:56 (59371 turns).

zcampers the Slayer (Minotaur Berserker)           Turns: 59371, Time: 02:12:57

Health: -3/242     AC: 43    Str: 29    XL:     24   Next: 74%
Magic:  22/22      EV: 34    Int: 18    God:    Trog [*****.]
Gold:   4331       SH: 20    Dex: 13    Spells: 23/23 levels left

rFire    + + .     SeeInvis .   Q - +10 eveningstar of Ischezud {vorpal, rF+ rC+ Will+ Int+2}
rCold    + + .     Faith    .   C - +5 kite shield
rNeg     + . .     Spirit   .   d - +8 crystal plate armour of Noughts and Crosses {rC+ Str+6 Int+4}
rPois    +         Reflect  .   (helmet unavailable)
rElec    +         Harm     .   O - scarf {repulsion}
rCorr    .         Rampage  .   I - +0 pair of gloves "Huny" {Will+}
Will     ++++.                  g - +1 pair of boots
Stlth    ..........             P - amulet "Ysekiesho" {Acrobat rElec rN+}
HPRegen  0.50/turn              n - ring of willpower
MPRegen  0.18/turn              m - ring of protection from fire

@: acrobat, repel missiles
A: retaliatory headbutt, horns 3, poison resistance, sturdy frame 1
}: 3/15 runes: decaying, silver, gossamer
a: Renounce Religion, Berserk, Trog's Hand, Brothers in Arms


You were on level 1 of the Realm of Zot.
You worshipped Trog.
Trog was extremely pleased with you.
You visited 9 branches of the dungeon, and saw 43 of its levels.
You also visited: Sewer, Ice Cave and Volcano.

You collected 7902 gold pieces.
You spent 3571 gold pieces at shops.

Inventory:

Hand Weapons
 A - a +9 vorpal war axe
 K - the +8 war axe "Rigojauv" {drain, *Drain rPois rF++ Str+4}
   (You acquired it on level 13 of the Dungeon)

   A truly terrible weapon, it drains the life of those it strikes.
   It affects your strength (+4).
   It greatly protects you from fire.
   It protects you from poison.
   It causes draining when unequipped.
 Q - the +10 eveningstar of Ischezud (weapon) {vorpal, rF+ rC+ Will+ Int+2}
   (Trog gifted it to you on level 4 of the Vaults)

   It inflicts extra damage upon your enemies.
   It affects your intelligence (+2).
   It protects you from fire.
   It protects you from cold.
   It affects your willpower, your defense against some magical effects.
Missiles
 r - 7 silver boomerangs (quivered)
Armour
 d - the +8 crystal plate armour of Noughts and Crosses (worn) {rC+ Str+6 Int+4}
   (You bought it in a shop on level 2 of the Orcish Mines)

   It affects your strength (+6).
   It affects your intelligence (+4).
   It protects you from cold.
 g - a +1 pair of boots (worn)
 C - a +5 kite shield (worn)
 I - the +0 pair of gloves "Huny" (worn) {Will+}
   (You found it on level 3 of the Lair of Beasts)

   It affects your willpower, your defense against some magical effects.
 O - a scarf of repulsion (worn)
Jewellery
 m - a ring of protection from fire (right hand)
 n - a ring of willpower (left hand)
 u - an uncursed ring of resist corrosion
 B - an uncursed ring of protection from cold
 P - the amulet "Ysekiesho" (around neck) {Acrobat rElec rN+}
   (You found it on level 3 of the Spider Nest)

   [amulet of the acrobat]

   It helps you evade while moving and waiting.
   It insulates you from electricity.
   It protects you from negative energy.
Wands
 a - a wand of disintegration (62)
 j - a wand of digging (16)
 v - a wand of flame (139)
 x - a wand of random effects (35)
 z - a wand of acid (14)
 D - a wand of iceblast (63)
 J - a wand of paralysis (30)
Scrolls
 b - 6 scrolls of identify
 c - a scroll of summoning
 q - a scroll of brand weapon
 t - 8 scrolls of fog
 w - a scroll of silence
 y - 18 scrolls of remove curse
 E - 9 scrolls of teleportation
 F - 6 scrolls of magic mapping
 G - 8 scrolls of fear
 L - 2 scrolls of blinking
 N - a scroll of enchant weapon
 T - a scroll of enchant armour
Potions
 e - 3 potions of resistance
 h - 15 potions of curing
 i - 3 potions of invisibility
 k - 2 potions of cancellation
 o - 4 potions of flight
 p - 6 potions of magic
 s - 7 potions of might
 H - 17 potions of ambrosia
 R - 3 potions of haste
 S - 3 potions of heal wounds
Miscellaneous
 f - a box of beasts


   Skills:
 + Level 25.0 Fighting
 - Level 16.0(17.5) Axes
 - Level 12.8(16.0) Maces & Flails
 + Level 24.9 Armour
 + Level 23.2 Dodging
 - Level 15.0 Shields


You had 23 spell levels left.
You didn't know any spells.
Your spell library was empty.

Dungeon Overview and Level Annotations

Branches:
Dungeon (15/15)            Temple (0/1) D:6            Lair (6/6) D:8
  Swamp (4/4) Lair:2       Spider (4/4) Lair:2        Slime (0/5) Lair:5
    Orc (2/2) D:11            Elf (1/3) Orc:2        Vaults (5/5) D:14
  Crypt (0/3) Vaults:2     Depths (5/5) D:15            Zot (1/5) Depths:5
  Sewer (visited)           IceCv (visited)         Volcano (visited)

Altars:
Cheibriados
Dithmenos
Elyvilon
Fedhas
Hepliaklqana
Kikubaaqudgha
Makhleb
Nemelex Xobeh
Qazlal
Ru
Sif Muna
Trog
Vehumet
Wu Jian
Xom
Yredelemnul
Zin
The Shining One

Shops:
D:4 !   D:5 }   D:7 !*   Orc:2 ([}}   Vaults:2 =   Vaults:4 [   Vaults:5 [
Depths:1 :}

Portals:
Hell: Depths:1 Depths:2 Depths:3 Depths:4 Depths:5
Abyss: Depths:4 Depths:5
Pandemonium: Depths:3
Ziggurat: Depths:5


Innate Abilities, Weirdness & Mutations

You reflexively headbutt those who attack you in melee.
You have a pair of large horns on your head.
Your system is resistant to poisons. (rPois)
Your movements are slightly less encumbered by armour. (ER -2)


Message History

The sphere of damnation explodes!
The damnation engulfs you!!
* * * LOW HITPOINT WARNING * * *
The damnation engulfs the moth of wrath!!
The moth of wrath dies!
The damnation engulfs the red draconian scorcher!!
You hear a deafening roar!
The red draconian scorcher points at you and mumbles some strange words.
The sphere of damnation explodes!
The damnation engulfs you!!
* * * LOW HITPOINT WARNING * * *
The damnation engulfs the red draconian scorcher!!
You hear a deafening roar!
There is a gate leading back out of this place here.
You see here a moth of wrath corpse.
The purple draconian monk misses you. You furiously retaliate!
You headbutt the purple draconian monk, but do no damage.
The purple draconian monk completely misses you.
The purple draconian monk tail-slaps you but does no damage.
The red draconian scorcher casts a spell at you.
The sphere of damnation explodes!
The damnation engulfs you!!
You die...

..'.......+.d..q...
##.#...y...##.##..≈≈ ### #
#..##.....###..#..≈≈ #...
.#...##...###...##.≈≈ ...
....####'##.....#.≈≈ #..
#.##.#d......###.≈≈
#.###..#.qd..#.....#.≈≈
###...#..qd##'###....#.≈≈
##....))∩@..##...##.....
#.......q.###.)...##....≈
#...?.#....# .......'....≈
#...#########.......#....≈
.... #.......+ ... ...
##.....## #. ##...##


You could see a purple draconian monk, a yellow draconian, a purple draconian, a
white draconian and 2 draconians.

Vanquished Creatures
  Mara (Depths:4)
  2 caustic shrikes (Depths:4)
  5 golden dragons
  Nikola (Swamp:3)
  A bone dragon (Depths:5)
  An electric golem (Zot:1)
  7 tentacled monstrosities
  Jorgrun (Orc:1)
  Rupert (Lair:6)
  2 liches
  3 titans
  The ghost of Suryr the Thaumaturge, an adept GnWz of Sif Muna (Swamp:2)
  2 ancient champions (Vaults:2)
  Gastronok (Lair:2)
  8 shadow dragons
  8 sphinxes
  10 storm dragons
  Kirke (Lair:4)
  A storm dragon (shapeshifter) (Vaults:5)
  4 thorn hunters (Swamp:4)
  4 tengu reavers
  A draconian monk (Depths:5)
  11 fire giants
  2 orc warlords (Orc:1)
  2 iron dragons (Vaults:5)
  A draconian scorcher (Zot:1)
  3 ghost moths
  3 draconian knights (Depths:5)
  2 fenstrider witches
  3 deep elf sorcerers
  7 frost giants
  A balrug (Depths:1)
  Aizul (Swamp:1)
  11 emperor scorpions
  13 vault wardens
  10 ironheart preservers
  A juggernaut zombie (Depths:2)
  3 spriggan defenders
  4 large abominations (Vaults:4)
  17 stone giants
  A draconian annihilator (Zot:1)
  21 very ugly things
  A war gargoyle (Vaults:5)
  2 green draconians (Depths:5)
  10 vampire knights
  5 black draconians
  An entropy weaver (Spider:4)
  4 red draconians
  A lorocyproca (Depths:3)
  3 white draconians
  3 bunyips
  2 purple draconians (Depths:4)
  12 spark wasps
  3 yellow draconians
  A merfolk javelineer (Depths:1)
  2 deep elf death magi
  11 ettins
  21 yaktaur captains
  6 eleionomae
  19 fire dragons
  Josephine (D:15)
  A shambling mangrove (Swamp:4)
  2 jiangshi (Depths:1)
  9 great orbs of eyes
  3 deep elf high priests
  Harold (D:10)
  A merfolk avatar (Lair:6)
  9 ice dragons
  8 boulder beetles
  35 vault guards
  8 rakshasas
  2 ghost crabs (Swamp:3)
  A catoblepas (Lair:6)
  8 spriggan air magi
  18 hydras
  3 death knights
  33 two-headed ogres
  10 centaur warriors
  3 deep troll shamans
  14 ogre magi
  7 alligators
  Urug (Lair:3)
  7 death yaks
  4 deep troll earth magi
  3 tengu warriors (Depths:4)
  2 orc high priests
  7 vampire magi
  7 spriggan berserkers
  A shock serpent (shapeshifter) (D:15)
  2 titan zombies
  A hell knight (Depths:5)
  Nergalle (Lair:3)
  5 deep elf knights
  5 skeletal warriors
  2 sun demons (Depths:1)
  2 shadow wraiths
  An infernal demonspawn (Depths:3)
  A fire crab (shapeshifter) (Vaults:1)
  A spark wasp zombie (Depths:4)
  4 glowing orange brains
  2 flayed ghosts
  9 deep elf archers
  12 deep trolls
  A golden dragon skeleton (Depths:2)
  3 goliath frogs
  5 swamp dragons
  2 unseen horrors
  8 spriggan druids
  2 bog bodies
  Pikel (D:7)
  A tengu zombie (Depths:3)
  A sea snake (Lair:6)
  7 wizards
  A harpy (shapeshifter) (D:15)
  9 necromancers
  20 ironbrand convokers
  10 orc knights
  4 phantasmal warriors
  4 spectral hydras
  20 orb spiders
  A harpy (Lair:6)
  A mana viper (shapeshifter) (Vaults:5)
  5 cyclopes
  15 deep elf magi
  43 ugly things
  A wolf spider (shapeshifter) (Vaults:5)
  2 salamanders (shapeshifter)
  A manticore (shapeshifter) (D:15)
  5 manticores
  16 wolf spiders
  2 moths of wrath (Spider:4)
  A moth of wrath (shapeshifter) (Vaults:5)
  3 oklob plants (Swamp:4)
  7 orc sorcerers
  8 elephants
  4 will-o-the-wisps
  3 salamanders (Volcano)
  Maurice (D:9)
  An ice statue (IceCv)
  A spriggan zombie (Depths:3)
  4 black mambas
  3 torpor snails
  A smoke demon (Depths:3)
  A guardian serpent (shapeshifter) (Vaults:5)
  11 cane toads
  2 frost giant skeletons
  2 kobold demonologists
  A black mamba (shapeshifter) (Vaults:3)
  16 vault sentinels
  11 demonic crawlers
  16 freezing wraiths
  18 komodo dragons
  A yaktaur zombie (Vaults:4)
  7 small abominations
  9 rime drakes
  A golden dragon simulacrum (Depths:3)
  A yaktaur (shapeshifter) (Vaults:4)
  31 yaktaurs
  5 hydra zombies (Swamp:4)
  A red devil (Depths:3)
  A yaktaur skeleton (Vaults:3)
  A queen bee (shapeshifter) (Vaults:1)
  2 wind drakes (Lair:6)
  2 tengu conjurers
  An ice devil (Depths:3)
  19 jumping spiders
  A death drake zombie (Swamp:4)
  A queen bee (Lair:2)
  A tengu simulacrum (Depths:4)
  13 tyrant leeches
  A tyrant leech (shapeshifter) (Vaults:5)
  6 polar bears
  2 polar bears (shapeshifter)
  5 blink frogs (Lair:4)
  4 trolls
  A death drake skeleton (Swamp:4)
  12 hornets
  A blink frog (shapeshifter) (D:15)
  13 slime creatures
  A frost giant simulacrum (Vaults:2)
  A raiju (shapeshifter) (D:13)
  A sphinx simulacrum (Depths:4)
  2 redbacks (shapeshifter)
  An ettin skeleton (Vaults:4)
  4 shadows
  53 redbacks
  6 spriggans
  74 yaks
  5 water elementals
  9 wraiths
  24 tarantellas
  11 fire bats
  15 wyverns
  3 basilisks
  3 hogs (Lair:4)
  A neqoxec (Depths:3)
  Grum (D:10)
  A death yak simulacrum (IceCv)
  12 swamp worms
  2 hydra simulacra (Swamp:4)
  5 wargs
  An acid dragon (Vaults:1)
  An acid dragon (shapeshifter) (D:14)
  Duvessa (D:4)
  13 water moccasins
  2 hell hounds (Lair:3)
  A floating eye (shapeshifter) (Vaults:5)
  A floating eye (Depths:4)
  7 swamp drakes
  A black bear (Lair:3)
  An ice beast (shapeshifter) (Depths:4)
  A black bear (shapeshifter) (Depths:3)
  3 phantoms
  An ettin simulacrum (Depths:2)
  An eye of draining (D:10)
  13 ice beasts
  37 orc warriors
  2 human zombies
  A necrophage (D:13)
  A tengu (shapeshifter) (D:15)
  12 wolves
  7 sky beasts
  38 ogres
  3 swamp dragon zombies (Swamp:4)
  6 boggarts
  2 swamp dragon skeletons (Swamp:4)
  18 centaurs
  An orc skeleton (Vaults:2)
  A lemure (D:7)
  The ghost of wux the Chiller, an amateur DsIE (D:3)
  2 big kobolds
  22 bullfrogs
  A gnoll sergeant (D:8)
  3 human skeletons
  2 water moccasin skeletons
  6 scorpions
  40 killer bees
  Dowan (D:4)
  An elephant simulacrum (IceCv)
  A human simulacrum (Vaults:2)
  27 wights
  9 howler monkeys
  4 electric eels
  A spectral bullfrog (D:11)
  9 centaur zombies
  3 crimson imps
  4 draconian simulacra (IceCv)
  A quasit (Depths:3)
  3 bullfrog zombies
  17 jellies
  8 hounds
  31 orc priests
  2 iron imps
  5 bullfrog skeletons
  5 centaur skeletons
  Terence (D:3)
  5 iguanas
  49 orc wizards
  4 troll simulacra (IceCv)
  9 worker ants
  2 spriggan simulacra (IceCv)
  2 wolf simulacra (IceCv)
  5 centaur simulacra
  A hound skeleton (D:8)
  2 worker ant zombies
  A howler monkey skeleton (D:11)
  6 gnolls
  10 adders
  5 naga simulacra (IceCv)
  An ogre simulacrum (IceCv)
  2 shadow imps
  16 white imps
  2 ufetubi
  3 oozes
  3 adder skeletons
  2 worms
  3 dart slugs
  7 leopard geckos
  110 orcs
  7 ball pythons
  6 bats
  12 giant cockroaches
  9 goblins
  10 hobgoblins
  19 jackals
  25 kobolds
  7 quokkas
  A ball python zombie (D:2)
  9 frilled lizards
  A leopard gecko skeleton (D:8)
  A leopard gecko zombie (D:5)
  A quokka zombie (D:5)
  5 rats
  A briar patch (Swamp:4)
  2 bushes (Lair:2)
  A butterfly (D:10)
  3 crawling corpses
1988 creatures vanquished.

Vanquished Creatures (collateral kills)
  A caustic shrike (Depths:2)
  A thorn hunter (Swamp:1)
  A caustic shrike skeleton (Depths:2)
  A deep elf annihilator (Depths:4)
  A dire elephant (Lair:6)
  An ettin (Depths:2)
  A ghost crab (Swamp:1)
  2 hydras
  A spriggan air mage (Depths:2)
  A swamp dragon (Swamp:1)
  An orb spider (Spider:4)
  7 oklob plants
  An elephant (Lair:6)
  A yaktaur (Depths:2)
  A komodo dragon (Lair:6)
  A polar bear (Lair:6)
  4 dream sheep (Lair:3)
  A redback (Spider:4)
  A spriggan (Swamp:1)
  A tarantella (Spider:4)
  A yak (D:8)
  A swamp worm (Swamp:1)
  2 water moccasins (Lair:6)
  A swamp drake (Swamp:1)
  2 black bears (D:8)
  A briar patch (Swamp:1)
  A plant (Lair:5)
39 creatures vanquished.

Vanquished Creatures (others)
  A deep elf high priest (Vaults:5)
  2 two-headed ogres
  A moth of wrath (Zot:1)
  5 bloated husks
  A hornet (Swamp:1)
  A water elemental (Depths:1)
  3 boggarts
  An orc priest (Vaults:2)
  2 bushes (Lair:5)
  30 foxfires
  32 fungi
  172 plants
  A withered plant (D:2)
252 creatures vanquished.

Grand Total: 2279 creatures vanquished

Notes
Turn   | Place    | Note
-------+----------+-------------------------------------------
     0 | D:1      | zcampers the Minotaur Berserker began the quest for the
                  | Orb.
     0 | D:1      | Reached XP level 1. HP: 19/19 MP: 0/0
   457 | D:1      | Reached XP level 2. HP: 16/27 MP: 1/1
  1244 | D:1      | Reached skill level 4 in Fighting
  1336 | D:1      | Found a white marble altar of Elyvilon.
  1340 | D:1      | Found a shimmering altar of Xom.
  1340 | D:1      | Found a shimmering blue altar of Sif Muna.
  1343 | D:1      | Found a shimmering blue altar of Sif Muna.
  1343 | D:1      | Found a sparkling altar of Nemelex Xobeh.
  1343 | D:1      | Found a snail-covered altar of Cheibriados.
  1472 | D:2      | Reached XP level 3. HP: 33/33 MP: 2/2
  1637 | D:2      | Reached ** piety under Trog
  1889 | D:2      | Reached XP level 4. HP: 40/40 MP: 3/3
  2513 | D:3      | Noticed Terence
  2530 | D:3      | Killed Terence
  2743 | D:3      | Reached XP level 5. HP: 42/47 MP: 4/4
  2999 | D:3      | Found an ornate altar of the Wu Jian Council.
  3109 | D:3      | Found a large runed translucent door.
  3109 | D:3      | Found a large runed translucent door.
  3112 | D:3      | Noticed wux's ghost (amateur DsIE)
  3137 | D:3      | Killed wux's ghost
  3138 | D:3      | Reached skill level 5 in Fighting
  3138 | D:3      | Reached skill level 5 in Axes
  3138 | D:3      | Reached XP level 6. HP: 56/56 MP: 5/5
  3252 | D:3      | Found a glowing golden altar of the Shining One.
  3252 | D:3      | Found a stormy altar of Qazlal.
  3498 | D:4      | Found Onacinn's Distillery.
  3501 | D:4      | Bought a potion of curing for 39 gold pieces
  3509 | D:4      | Noticed Dowan
  3510 | D:4      | Noticed Duvessa
  3518 | D:4      | Killed Dowan
  3524 | D:4      | Killed Duvessa
  3528 | D:4      | Found a glowing drain.
  3534 | D:4      | Reached *** piety under Trog
  3549 | Sewer    | Entered a sewer
  3730 | Sewer    | Reached skill level 5 in Armour
  3937 | Sewer    | Reached XP level 7. HP: 62/62 MP: 6/6
  4733 | D:4      | Found a basalt altar of Yredelemnul.
  4801 | D:4      | Found a sparkling altar of Nemelex Xobeh.
  4825 | D:4      | Found a blossoming altar of Fedhas.
  5174 | D:5      | Entered Level 5 of the Dungeon
  5185 | D:5      | Reached skill level 6 in Fighting
  5299 | D:5      | Reached skill level 5 in Dodging
  5619 | D:5      | Found a burning altar of Makhleb.
  5633 | D:5      | Got a twisted chain mail
  5635 | D:5      | Identified the +12 chain mail of the Dungeon {MP+9 Int+4}
                  | (You found it on level 5 of the Dungeon)
  5669 | D:5      | Reached **** piety under Trog
  5763 | D:5      | Found a blossoming altar of Fedhas.
  5783 | D:5      | Reached XP level 8. HP: 63/71 MP: 7/7
  6042 | D:5      | Found Seenics's Gadget Boutique.
  6065 | D:5      | Reached skill level 7 in Fighting
  6312 | D:6      | Found a staircase to the Ecumenical Temple.
  6312 | D:6      | Noticed a two-headed ogre
  6333 | D:5      | Killed a two-headed ogre
  6334 | D:5      | Reached XP level 9. HP: 46/81 MP: 8/8
  6349 | D:5      | Reached skill level 8 in Fighting
  7137 | D:6      | You fall into a shaft and drop 2 floors!
  7137 | D:8      | Found a staircase to the Lair.
  7137 | D:8      | Noticed an elephant
  7149 | D:8      | Killed an elephant
  7271 | D:8      | Found a sacrificial altar of Ru.
  7296 | D:8      | Found a bloodstained altar of Trog.
  7301 | D:8      | Noticed a two-headed ogre
  7314 | D:8      | Killed a two-headed ogre
  7315 | D:8      | Reached skill level 9 in Fighting
  7343 | D:8      | Reached XP level 10. HP: 78/91 MP: 9/9
  7472 | D:8      | Found a shadowy altar of Dithmenos.
  8077 | D:7      | Found Hujyu's Distillery.
  8157 | D:7      | Reached skill level 10 in Fighting
  8159 | D:7      | Reached skill level 10 in Axes
  8169 | D:7      | Found Aluqosm's General Store.
  8281 | D:7      | Noticed Pikel
  8297 | D:7      | Killed Pikel
  8327 | D:7      | Reached skill level 10 in Armour
  8926 | D:6      | Found an ancient bone altar of Kikubaaqudgha.
  8926 | D:6      | Found a shimmering blue altar of Sif Muna.
  8947 | D:6      | Found a radiant altar of Vehumet.
  9183 | D:8      | Noticed a brown ugly thing
  9191 | D:8      | Killed a brown ugly thing
  9430 | D:9      | Found a shimmering blue altar of Sif Muna.
  9926 | D:9      | Found a hazy altar of Hepliaklqana.
  9957 | D:9      | Reached XP level 11. HP: 101/101 MP: 10/10
  9971 | D:9      | Noticed Maurice
  9987 | D:9      | Killed Maurice
 10191 | D:9      | Noticed a two-headed ogre
 10199 | D:9      | Killed a two-headed ogre
 10257 | D:9      | Found a sparkling altar of Nemelex Xobeh.
 10387 | D:9      | Noticed a skeletal warrior
 10387 | D:9      | Noticed a phantasmal warrior
 10388 | D:9      | Noticed a death knight
 10398 | D:9      | Reached skill level 11 in Fighting
 10407 | D:9      | Killed a death knight
 10408 | D:9      | Reached skill level 10 in Dodging
 10711 | D:9      | Killed a phantasmal warrior
 10722 | D:9      | Killed a skeletal warrior
 11011 | D:10     | Entered Level 10 of the Dungeon
 11123 | D:10     | Noticed Grum
 11136 | D:10     | Killed Grum
 11425 | D:10     | Found a runed translucent door.
 11455 | D:10     | Reached ***** piety under Trog
 11473 | D:10     | Found a runed translucent door.
 11571 | D:10     | Noticed Harold
 11580 | D:10     | Killed Harold
 11581 | D:10     | Reached skill level 12 in Fighting
 11596 | D:10     | You fall into a shaft and drop 1 floor!
 11857 | D:11     | Reached XP level 12. HP: 112/112 MP: 11/11
 12598 | D:7      | Bought a scroll of acquirement for 676 gold pieces
 12599 | D:7      | Acquired 579 gold pieces
 12643 | Lair:1   | Entered Level 1 of the Lair of Beasts
 12855 | Lair:1   | Noticed an eight-headed hydra
 12871 | Lair:1   | Killed a 13-headed hydra
 13922 | Lair:2   | Found a hole to the Spider Nest.
 14118 | Lair:2   | Reached skill level 1 in Shields
 14139 | Lair:2   | Noticed a five-headed hydra
 14154 | Lair:2   | Killed a ten-headed hydra
 14225 | Lair:2   | Received a gift from Trog
 14845 | Lair:2   | Acquired the -5 pair of boots "Yweysoij" {*Contam rC+
                  | Regen+ Dex+3}
 14945 | Lair:2   | Noticed Gastronok
 14955 | Lair:2   | Killed Gastronok
 14956 | Lair:2   | Reached skill level 13 in Fighting
 15175 | Lair:2   | Found a staircase to the Swamp.
 15528 | Lair:3   | Reached XP level 13. HP: 120/122 MP: 12/12
 15609 | Lair:3   | Noticed Nergalle
 15624 | Lair:3   | Killed Nergalle
 15625 | Lair:3   | Reached skill level 5 in Shields
 15644 | Lair:3   | Found a dark tunnel.
 15660 | Volcano  | Entered a volcano
 15964 | Volcano  | Noticed a fire dragon
 15978 | Volcano  | Killed a fire dragon
 16407 | Lair:3   | Got a pair of pitted gloves
 16410 | Lair:3   | Identified the +0 pair of gloves "Huny" {Will+} (You found
                  | it on level 3 of the Lair of Beasts)
 16796 | Lair:3   | Noticed Urug
 16810 | Lair:3   | Killed Urug
 17051 | Lair:4   | Reached skill level 14 in Fighting
 17376 | Lair:4   | Reached XP level 14. HP: 132/132 MP: 13/13
 17449 | Lair:4   | Noticed Kirke
 17464 | Lair:4   | Killed Kirke
 17998 | Lair:5   | Found a staircase to the Slime Pits.
 18958 | Lair:6   | Entered Level 6 of the Lair of Beasts
 19420 | Lair:6   | Gained mutation: You possess an exceptional clarity of
                  | mind. [potion of mutation]
 19420 | Lair:6   | Gained mutation: Your spells are a little harder to cast,
                  | but a little more powerful. [potion of mutation]
 19424 | Lair:6   | Lost mutation: Your spells are a little harder to cast, but
                  | a little more powerful. [potion of mutation]
 19424 | Lair:6   | Lost mutation: You possess an exceptional clarity of mind.
                  | [potion of mutation]
 19424 | Lair:6   | Gained mutation: Your spells are a little harder to cast,
                  | but a little more powerful. [potion of mutation]
 19424 | Lair:6   | Gained mutation: Your spells are harder to cast, but more
                  | powerful. [potion of mutation]
 19425 | Lair:6   | Lost mutation: Your spells are harder to cast, but more
                  | powerful. [potion of mutation]
 19425 | Lair:6   | Lost mutation: Your spells are a little harder to cast, but
                  | a little more powerful. [potion of mutation]
 19425 | Lair:6   | Gained mutation: Your movements are slightly less
                  | encumbered by armour. (ER -2) [potion of mutation]
 19425 | Lair:6   | Gained mutation: You have a pair of large horns on your
                  | head. [potion of mutation]
 19425 | Lair:6   | Gained mutation: Your system is resistant to poisons.
                  | (rPois) [potion of mutation]
 19505 | Lair:6   | Noticed Rupert
 19531 | Lair:6   | Killed Rupert
 19532 | Lair:6   | Reached skill level 15 in Fighting
 19872 | Lair:6   | Reached skill level 15 in Axes
 20203 | Lair:6   | Reached skill level 15 in Armour
 20769 | Lair:6   | Reached XP level 15. HP: 140/141 MP: 14/14
 21516 | D:11     | Found a staircase to the Orcish Mines.
 21782 | D:12     | Found a frozen archway.
 21795 | IceCv    | Entered an ice cave
 21805 | IceCv    | Reached skill level 10 in Shields
 22131 | IceCv    | Found an ancient bone altar of Kikubaaqudgha.
 22159 | IceCv    | Received a gift from Trog
 23443 | D:12     | Received a gift from Trog
 23942 | D:13     | Acquired the +8 war axe "Rigojauv" {drain, *Drain rPois
                  | rF++ Str+4}
 24624 | D:14     | Reached skill level 16 in Fighting
 25101 | D:14     | Found a gate to the Vaults.
 25151 | D:14     | Got a shimmering ring mail
 25153 | D:14     | Identified the +2 ring mail "Itukkyi" {rC+ Slay+5} (You
                  | found it on level 14 of the Dungeon)
 25605 | Orc:1    | Entered Level 1 of the Orcish Mines
 25776 | Orc:1    | Noticed Jorgrun
 25790 | Orc:1    | Killed Jorgrun
 25791 | Orc:1    | Reached XP level 16. HP: 113/137 MP: 15/15
 26035 | Orc:1    | Received a gift from Trog
 26110 | Orc:1    | Reached skill level 15 in Dodging
 26596 | Orc:1    | Identified the +4 scimitar of Drought {flame, rF+ rN+ Str+3
                  | Dex-2} (You found it on level 1 of the Orcish Mines)
 26693 | Orc:2    | Entered Level 2 of the Orcish Mines
 26770 | Orc:2    | Found a staircase to the Elven Halls.
 26791 | Elf:1    | Entered Level 1 of the Elven Halls
 27027 | Orc:2    | Found Ikkugyuno's Gadget Shop.
 27029 | Orc:2    | Found Duekiecs's Antique Weapon Boutique.
 27045 | Orc:2    | Found Hisa's Armour Boutique.
 27064 | Orc:2    | Found Egilaq's Gadget Shop.
 27210 | Orc:2    | Bought a slimy war axe for 289 gold pieces
 27210 | Orc:2    | Bought a crystal hand axe for 272 gold pieces
 27211 | Orc:2    | Identified the +9 war axe "Kofa" {elec, *Slow rElec Will+}
                  | (You bought it in a shop on level 2 of the Orcish Mines)
 27212 | Orc:2    | Identified the cursed +2 hand axe "Laskoull" {vamp, Str+5}
                  | (You bought it in a shop on level 2 of the Orcish Mines)
 27894 | Swamp:1  | Entered Level 1 of the Swamp
 27894 | Swamp:1  | Noticed a thorn hunter
 27900 | Swamp:1  | Killed a thorn hunter
 28075 | Swamp:1  | Received a gift from Trog
 28464 | Swamp:1  | Found a glowing silver altar of Zin.
 28892 | Swamp:2  | Noticed Aizul
 28913 | Swamp:1  | Killed Aizul
 29471 | Swamp:2  | Found a runed translucent gate.
 29472 | Swamp:2  | Found a runed translucent gate.
 29482 | Swamp:2  | Found a runed translucent gate.
 29485 | Swamp:2  | Noticed Suryr's ghost (adept GnWz)
 29542 | Swamp:2  | Killed Suryr's ghost
 29882 | Swamp:2  | Reached skill level 17 in Fighting
 31455 | Swamp:3  | Reached XP level 17. HP: 157/157 MP: 16/16
 31513 | Swamp:3  | Noticed Nikola
 31521 | Swamp:3  | Killed Nikola
 31610 | Swamp:4  | Entered Level 4 of the Swamp
 31761 | Swamp:3  | Reached XP level 18. HP: 117/170 MP: 17/17
 32530 | Swamp:4  | Reached skill level 18 in Fighting
 32908 | Swamp:4  | Found a basalt altar of Yredelemnul.
 33127 | Swamp:4  | Found a blossoming altar of Fedhas.
 33277 | Swamp:4  | Got a decaying rune of Zot
 33606 | Spider:1 | Entered Level 1 of the Spider Nest
 33608 | Spider:1 | Found the +7 sceptre of Torment {pain, torment}
 34233 | Spider:1 | Got a blackened spear
 34234 | Spider:1 | Identified the +11 spear of Deformation {freeze, rElec
                  | MP+9} (You found it on level 1 of the Spider Nest)
 36427 | Spider:3 | Got a bloodstained battleaxe
 36429 | Spider:3 | Identified the +6 battleaxe of Due Proportion {vorpal,
                  | Will+} (You found it on level 3 of the Spider Nest)
 36643 | Spider:3 | Identified the +6 scale mail of Hedging {Stlth+} (You found
                  | it on level 3 of the Spider Nest)
 36685 | Spider:3 | Got a clouded crystal amulet
 36726 | Spider:3 | Identified the amulet "Ysekiesho" {Acrobat rElec rN+} (You
                  | found it on level 3 of the Spider Nest)
 36899 | Spider:4 | Entered Level 4 of the Spider Nest
 37020 | Spider:4 | Reached skill level 15 in Shields
 37112 | Spider:4 | Reached XP level 19. HP: 65/181 MP: 18/18
 37906 | Spider:4 | HP: 9/181 [emperor scorpion (19)]
 38355 | Spider:4 | Reached skill level 19 in Fighting
 38754 | Spider:4 | Got a gossamer rune of Zot
 39137 | Vaults:1 | Entered Level 1 of the Vaults
 39189 | Vaults:1 | Received a gift from Trog
 40920 | Vaults:2 | Found Degut's Jewellery Boutique.
 41278 | Vaults:2 | Reached skill level 20 in Fighting
 41309 | Vaults:2 | Found a staircase to the Crypt.
 41440 | Vaults:2 | Reached XP level 20. HP: 193/193 MP: 19/19
 41594 | Vaults:2 | Received a gift from Trog
 42340 | Vaults:2 | Received a gift from Trog
 42848 | Vaults:3 | Acquired the +14 obsidian axe {vorpal, +Fly SInv *Curse}
 42849 | Vaults:3 | Found the +14 obsidian axe {vorpal, +Fly SInv *Curse}
 43233 | Orc:2    | Bought the +8 crystal plate armour of Noughts and Crosses
                  | {rC+ Str+6 Int+4} for 2295 gold pieces
 44623 | Vaults:4 | Reached skill level 21 in Fighting
 44875 | Vaults:4 | Found Pyup's Armour Boutique.
 45452 | Vaults:4 | Reached XP level 21. HP: 192/204 MP: 20/20
 45460 | Vaults:4 | Received a gift from Trog
 45479 | Vaults:4 | Identified the +10 eveningstar of Ischezud {vorpal, rF+ rC+
                  | Will+ Int+2} (Trog gifted it to you on level 4 of the
                  | Vaults)
 45905 | D:15     | Entered Level 15 of the Dungeon
 45919 | D:15     | Noticed Josephine
 45923 | D:15     | Killed Josephine
 45929 | D:15     | Reached skill level 1 in Maces & Flails
 46431 | D:15     | Paralysed by a floating eye for 4 turns
 46482 | D:15     | Found a staircase to the Depths.
 46588 | Depths:1 | Entered Level 1 of the Depths
 47300 | Depths:1 | Reached skill level 5 in Maces & Flails
 47701 | Depths:1 | Found Rycelun's Gadget Shop.
 47709 | Depths:1 | Found Ceuss's Book Shop.
 47886 | Depths:1 | Found a gateway to Hell.
 48085 | Depths:2 | Reached skill level 22 in Fighting
 48215 | Depths:2 | Found a glowing golden altar of the Shining One.
 48224 | Depths:2 | Reached ****** piety under Trog
 48385 | Depths:2 | Received a gift from Trog
 48637 | Depths:2 | Got a bloodstained mace
 48665 | Depths:2 | Identified the +3 mace "Jellybane" {flame, *Drain rPois
                  | Dex+4} (You found it on level 2 of the Depths)
 49005 | Depths:2 | Reached XP level 22. HP: 116/215 MP: 21/21
 49204 | Depths:2 | Noticed a caustic shrike
 49220 | Depths:2 | Killed a caustic shrike
 49552 | Depths:3 | Found a one-way gate leading to the halls of Pandemonium.
 49815 | Depths:2 | Acquired the ring of Jealousy {EV+4 Int+3 Dex+2}
 50511 | Depths:3 | Found the +12 Vampire's Tooth {vamp}
 51794 | Depths:4 | Paralysed by a floating eye for 2 turns
 51855 | Depths:4 | Noticed a caustic shrike
 51869 | Depths:4 | Killed a caustic shrike
 51886 | Depths:4 | Reached skill level 10 in Maces & Flails
 51954 | Depths:4 | Noticed a caustic shrike
 51956 | Depths:4 | Received a gift from Trog
 51975 | Depths:4 | Killed a caustic shrike
 51976 | Depths:4 | Reached skill level 23 in Fighting
 52034 | Depths:4 | Paralysed by a lich for 6 turns
 52327 | Depths:4 | Noticed Mara
 52331 | Depths:4 | Noticed zcampers's illusion
 52404 | Depths:4 | Noticed zcampers's illusion
 52467 | Depths:4 | Noticed zcampers's illusion
 52842 | Depths:4 | Noticed zcampers's illusion
 52863 | Depths:4 | Killed Mara
 53094 | Depths:4 | Found a one-way gate to the infinite horrors of the Abyss.
 53245 | Depths:4 | Reached XP level 23. HP: 204/227 MP: 22/22
 53597 | Depths:5 | Entered Level 5 of the Depths
 54342 | Depths:5 | Found a gateway to a ziggurat.
 55168 | Depths:5 | Found a runed translucent door.
 55168 | Depths:5 | Found a runed translucent door.
 55334 | Depths:5 | Found a runed translucent door.
 55366 | Depths:5 | Found a runed translucent door.
 55366 | Depths:5 | Found a runed translucent door.
 55407 | Depths:5 | Found a runed translucent door.
 55541 | Depths:5 | Found a gate to the Realm of Zot.
 56326 | Vaults:5 | Entered Level 5 of the Vaults
 56374 | Vaults:5 | Received a gift from Trog
 56380 | Vaults:5 | Reached skill level 24 in Fighting
 56502 | Vaults:5 | Reached XP level 24. HP: 164/238 MP: 22/22
 57248 | Vaults:4 | Acquired a +0 pair of gloves of strength
 57673 | Vaults:5 | Found Viyplar's Antique Armour Boutique.
 57693 | Vaults:5 | Got a silver rune of Zot
 57829 | Vaults:5 | Identified the Tome of the Enthralling Frostbite
 58361 | Vaults:5 | Identified the +4 kite shield of Ykytt {-Tele Will+++
                  | Str+3} (You found it on level 5 of the Vaults)
 58971 | Zot:1    | Entered Level 1 of the Realm of Zot
 59111 | Zot:1    | Received a gift from Trog
 59267 | Zot:1    | Reached skill level 25 in Fighting
 59371 | Zot:1    | Killed from afar by a red draconian scorcher

Illustrated notes

Levels and vault maps discovered:
D:1:      mainiacjoe_arrival_reflecting_pool, layout_loops_ring,
          doesnt_xom_only_xom
D:2:      layout_basic, serial_undead, serial_undead_d, serial_undead_b,
          serial_undead_a, serial_undead_b, serial_undead_a, serial_undead_c,
          serial_bayou_lagoon_a
D:3:      layout_loops_ring, nzn_wu_jian_contemplation,
          chequers_temple_overflow_statue_of_worship,
          ebering_ghost_disaster_area, kennysheep_potato, uniq_terence
D:4:      layout_layer_cave, nicolae_overflow_hidden_temple,
          portal_sewer_entry_f, serial_shops, nicolae_shop_behind_doors,
          nemelex_lonely_heart_becter, uniq_duvessa
D:5:      layout_basic, lemuel_crystal_altar, serial_shops,
          kennysheep_mini_moat, fedhas_altar_2
D:6:      layout_loops_ring, palyth_temple_overflow_mages,
          minmay_temple_entry_stoned_glass, hangedman_decor_riveting, kb_rosetta
D:7:      layout_basic, serial_shops, shop, kennysheep_little_box,
          grunt_decor_arrowhead, uniq_pikel
D:8:      layout_basic, nicolae_ru_sacrificial_ziggurat, bloody_trog,
          david_lair_generic, nicolae_dithmenos_the_darkroom
D:9:      layout_cave_pods, nemelex_xobeh_ov_fountains_minmay,
          old_standard_altar, lemuel_centaur_altar, uniq_maurice
D:10:     lemuel_insect_pit, layout_grid_maze, uniq_harold, uniq_grum
D:11:     layout_stronghold, david_orc_4, serial_column_ruins,
          column_ruins_open_small, column_ruins_open_small, column_ruins_grid_1,
          column_ruins_corridor_straight, hangedman_weighted_door
D:12:     layout_basic, portal_ice_cave_rime
D:13:     layout_basic, st_stairs_10
D:14:     layout_basic, erik_vaults_2, chequers_serial_rivers_micro_d
D:15:     gammafunk_enter_depths_forms, layout_loops_ring, uniq_josephine
Lair:1:   layout_cave_pods, wad_woods_river_01
Lair:2:   layout_cave_pods, minmay_swamp_entry_worms, spider_nest_entry_rubble,
          special_room [special_room_bee], wad_woods_06, st_stairs_11,
          chequers_serial_rivers_micro_b, serial_bayou_shore_b,
          grunt_megastairs_5, uniq_gastronok
Lair:3:   layout_chaotic_city, enter_volcano_3, infiniplex_staircase_pool_2,
          grunt_megastairs_2, uniq_nergalle, uniq_urug
Lair:4:   statuecave_lemuel, layout_gridlike, uniq_kirke
Lair:5:   layout_small_grid, minmay_slime_entry_jelly_boxes,
          minmay_lair_oklob_chamber, serial_bayou_shore_a
Lair:6:   gammafunk_lair_ancient_temple, layout_hall_layers, dpeg_oklob_1,
          uniq_rupert
Swamp:1:  layout_basic_swamp, nicolae_swamp_godswood, swamp_pool1
Swamp:2:  layout_basic_swamp, ebering_ghost_rock_garden,
          evilmike_swamp_ruin_house_3, uniq_aizul
Swamp:3:  layout_falls_marsh, hangedman_swamp_diagram, uniq_nikola
Swamp:4:  byrel_swamp_growth_death_and_undeath, layout_basic_swamp
Spider:1: layout_spider_delve, nicolae_spider_webs_and_nodes
Spider:2: layout_spider_delve
Spider:3: layout_spider_delve
Spider:4: grunt_spider_rune_circles
Orc:1:    layout_caves, minmay_orc_treasury, uniq_jorgrun
Orc:2:    st_orc_mages, layout_caves
Elf:1:    eino_elf_arrival_sip, layout_onion_city,
          hangedman_elven_crosses_minicolossus
Vaults:1: vaults_dpeg_encased_lava, nicolae_vaults_what_the_h,
          nicolae_vaults_back_hallway, nicolae_vaults_display_case,
          v_alt_pattern_5, v_misc_1, ontoclasm_vaults_tryst,
          ontoclasm_vaults_ring_square, nicolae_vaults_alarming, v_misc_24,
          nicolae_vaults_diagonal_hallway_6, layout_vaults_ring
Vaults:2: minmay_crypt_entry_simple_corners, nicolae_vaults_disjoint_gnomons,
          ontoclasm_vaults_ring_square, vaults_room_door_hall,
          hangedman_vaults_slice, vaults_room_pools, ontoclasm_vaults_shout,
          hangedman_vaults_maws, layout_vaults_chaotic_city, serial_shops,
          nicolae_shop_stone
Vaults:3: v_misc_8, vaults_room_boxed, hangedman_vaults_nails,
          nicolae_vaults_twisting_passages, nicolae_vaults_little_ls, v_misc_1,
          dpeg_vaults_monster_box, layout_vaults_omnigrid
Vaults:4: grunt_vaults_twisty, ontoclasm_vaults_fault, st_squares,
          hangedman_vaults_capsules, ontoclasm_vaults_gateway,
          grunt_vaults_diagonal, v_misc_14, nicolae_vaults_little_squares_4,
          hangedman_vaults_variations, ontoclasm_vaults_ring_large,
          v_alt_pattern_6, layout_vaults_big_cross, serial_shops, shop
Vaults:5
Depths:1: layout_cave_pools, lightli_too_deep, minmay_misc_feat_secret_circle,
          kennysheep_underground_church, minmay_shop_star
Depths:2: cheibrodos_salmonella, layout_long_grid, pf_dread_powers_of_hell,
          hangedman_decor_opposing, tso_metal_star,
          minmay_staircase_windowed_small
Depths:3: lemuel_flame_loot_2, layout_small_grid, pf_hell_entry_tar_spiral,
          grunt_pan_entry_zigzag, chequers_serial_rivers_small_b,
          minmay_guarded_unrand_vampires_tooth
Depths:4: nicolae_legendary_halls, layout_gridville, grunt_hell_entry_dis_mu,
          abyss_entry, minmay_misc_feat_ornament, uniq_mara
Depths:5: evilmike_zot_entry_castle, layout_basic, enter_ziggurat_b,
          minmay_misc_feat_enclosed, hell_entry, abyss_entry
Zot:1:    minmay_elemental_castle, layout_twisted_circle

Skill      XL: |  1  2  3  4  5  6  7  8  9 10 11 12 13 14 15 16 17 18 19 20 21 22 23 24 |
---------------+-------------------------------------------------------------------------+-----
Axes           | 4 5 6 7 9 10 12 13 14 15 16 | 16.0
Fighting       | 4 5 6 7 9 10 12 13 14 15 16 17 18 20 21 22 23 24 25 | 25.0
Armour         | 3 4 5 6 7 9 10 11 13 14 15 16 17 18 20 21 22 23 24 | 24.9
Dodging        | 3 4 5 6 8 9 10 12 13 14 16 17 18 19 20 21 22 23 | 23.2
Shields        | 4 7 9 11 13 15 | 15.0
Maces & Flails | 7 11 12 | 12.8

Action                   |  1- 3 |  4- 6 |  7- 9 | 10-12 | 13-15 | 16-18 | 19-21 | 22-24 || total
-------------------------+-------+-------+-------+-------+-------+-------+-------+-------++-------
Melee: Hand axe          |    64 |   174 |   283 |   275 |       |       |       |       ||   796
       Headbutt          |    12 |    24 |    51 |   130 |   244 |   242 |   455 |   420 ||  1578
       Battleaxe         |       |       |       |    21 |       |       |       |       ||    21
       War axe           |       |       |       |   377 |  1076 |  1015 |  1069 |   839 ||  4376
       Eveningstar       |       |       |       |       |       |       |   522 |   573 ||  1095
Throw: Boomerang         |     2 |       |       |     7 |     4 |    32 |    11 |       ||    56
Invok: Trog's Hand       |       |     5 |     7 |    20 |    32 |    26 |    40 |    43 ||   173
       Berserk           |       |     4 |     3 |     7 |    14 |    11 |     9 |     3 ||    51
       Brothers in Arms  |       |       |     1 |     1 |     3 |     6 |     3 |     5 ||    19
Evoke: Wand              |       |       |       |     1 |     1 |     4 |     1 |     2 ||     9
       Box of beasts     |       |       |       |       |       |       |     1 |       ||     1
  Use: Scroll            |     8 |     2 |     4 |    13 |    14 |    13 |    11 |     8 ||    73
       Potion            |     4 |       |     5 |     3 |     9 |     9 |     3 |    13 ||    46
 Stab: Petrified         |       |       |       |       |     4 |       |       |       ||     4
       Distracted        |       |       |       |       |       |     1 |       |     5 ||     6
       Invisible         |       |       |       |       |       |       |       |     2 ||     2
Armor: Animal skin       |     4 |       |       |       |       |       |       |       ||     4
       Scale mail        |    28 |     5 |       |       |       |       |       |       ||    33
       Ring mail         |     2 |       |       |       |       |       |       |       ||     2
       Plate armour      |       |    60 |       |       |       |       |       |       ||    60
       Chain mail        |       |    53 |   162 |   342 |   415 |   650 |   258 |       ||  1880
       Crystal plate arm |       |       |       |       |       |       |   371 |   599 ||   970
       Skin              |       |       |       |       |       |       |       |    39 ||    39
Dodge: Dodged            |    42 |   100 |   166 |   483 |   531 |   648 |   906 |   775 ||  3651
       Repelled          |       |       |       |       |       |       |    13 |    34 ||    47
Block: Kite shield       |       |       |       |   125 |   774 |  1357 |  1565 |  1323 ||  5144
       Reflection        |       |       |       |       |     2 |    33 |       |       ||    35
